 Dungeon Crawl Stone Soup version 0.25-a0-86-ga6f17ae7d4 (webtiles) character file.

Game seed: 16376226016385637435, levelgen mode: deterministic

38 D1HalberdGnoll the Poker (level 3, -5/28 HPs)
             Began as a Merfolk Skald on Nov 9, 2019.
             Killed from afar by Natasha (7 damage)
             ... with a magic dart
             ... on level 2 of the Dungeon.
             The game lasted 00:02:11 (1491 turns).

D1HalberdGnoll the Poker (Merfolk Skald)            Turns: 1491, Time: 00:02:11

Health: -5/28      AC:  6    Str: 12    XL:     3   Next: 43%
Magic:  3/6        EV: 11    Int: 12    God:
Gold:   60         SH:  3    Dex: 13    Spells: 5/6 levels left

rFire    . . .     SeeInvis .   a - +0 spear
rCold    . . .     Gourm    .   o - +0 buckler
rNeg     . . .     Faith    .   c - +0 ring mail
rPois    .         Spirit   .   (no helmet)
rElec    .         Reflect  .   (no cloak)
rCorr    .         Harm     .   k - +0 pair of gloves
MR       .....                  (no boots)
Stlth    +.........             (no amulet)
HPRegen  0.09/turn              (no ring)
MPRegen  0.10/turn              (no ring)

@: infused, very slightly contaminated, slowed, very slow
A: change form in water, swift swim, stealthy swim
a: no special abilities


You were on level 2 of the Dungeon.
You were not hungry.

You visited 1 branch of the dungeon, and saw 2 of its levels.

You collected 60 gold pieces.

Inventory:

Hand Weapons
 a - a +0 spear (weapon)
Armour
 c - a +0 ring mail (worn)
 k - a +0 pair of gloves (worn)
 o - a +0 buckler (worn)
Scrolls
 f - a scroll of enchant armour {unknown}
 g - a scroll of fear {unknown}
 h - a scroll of fog {unknown}
 i - a scroll of remove curse {unknown}
 m - 2 scrolls of teleportation {unknown}
 n - 2 scrolls of identify {unknown}
Potions
 b - 2 potions of agility {unknown}
 e - 3 potions of brilliance {unknown}
 j - a potion of might {unknown}
Comestibles
 d - 2 rations


   Skills:
 + Level 2.7 Fighting
 + Level 4.3 Polearms
 - Level 0.6 Armour
 + Level 3.4 Dodging
 * Level 0.4 Shields
 - Level 2.0 Spellcasting
 - Level 3.2 Charms


You had 5 spell levels left.
You knew the following spells:

 Your Spells              Type           Power        Failure   Level  Hunger
a - Infusion              Chrm           #...         26%         1    ##.....

Your spell library contained the following spells:

 Spells                   Type           Power        Failure   Level  Hunger
 Song of Slaying          Chrm           #.......     36%         2    ###....
 Shroud of Golubria       Chrm/Tloc      #.....       58%         2    ###....
 Regeneration             Chrm/Necr      #.........   83%         3    ####...
 Spectral Weapon          Hex/Chrm       #.......     83%         3    ####...


Dungeon Overview and Level Annotations

Branches:
Dungeon (2/15)

Altars:

Annotations:
D:2 Natasha


Message History

Natasha's front paws start to glow.
Natasha closely misses you. Natasha claws you.
* * * LOW HITPOINT WARNING * * *
The crimson imp blinks!
You hit Natasha.
Natasha is moderately wounded.
Natasha claws you.
* * * LOW HITPOINT WARNING * * *
Your ring mail prevents you from hitting Natasha.
Natasha is moderately wounded.
Natasha casts a spell at you.
You feel yourself slow down.
You hit Natasha.
Natasha is heavily wounded.
Natasha claws you.
* * * LOW HITPOINT WARNING * * *
Natasha stares at you and mumbles some strange words.
The magic dart hits you!
You die...

###### ######.....
####.......# #####
#.......#..# .####...#
####.##)...# .........
###.###...## ####...#
.##.#....5.....# ##.##
.h......#h##...# #.##
#########@##...########.#.
#.##............#.
#.##.#.##########.
#.##...# #. #5##.### #.
#.##)# #. ..... #. #.# #.
#.


You could see Natasha and 2 crimson imps.

Vanquished Creatures
  A gnoll (D:2)
  An ooze (D:1)
  A dart slug (D:2)
  A leopard gecko (D:1)
  A ball python (D:2)
  3 bats
  2 goblins
  4 hobgoblins
  3 frilled lizards
  3 kobolds (D:1)
  3 rats
23 creatures vanquished.

Notes
Turn   | Place    | Note
-------+----------+-------------------------------------------
     0 | D:1      | D1HalberdGnoll the Merfolk Skald began the quest for the
                  | Orb.
     0 | D:1      | Reached XP level 1. HP: 16/16 MP: 3/3
   132 | D:1      | Reached XP level 2. HP: 23/23 MP: 5/5
   764 | D:1      | Reached skill level 4 in Polearms
   987 | D:2      | Reached XP level 3. HP: 28/28 MP: 6/6
  1474 | D:2      | Noticed Natasha
  1491 | D:2      | Killed from afar by Natasha

Levels and vault maps discovered:
D:1:      sevenhm_arrival_forest_fort_large_4, layout_basic
D:2:      layout_loops_ring, nicolae_gozag_cash_rules_everything_around_me,
          first_ration, uniq_natasha, uniq_terence, uniq_robin

Skill      XL: |  1  2 |
---------------+-------+-----
Dodging        | 3 |  3.4
Polearms       | 4 |  4.3
Fighting       | |  2.7
Armour         | |  0.6
Shields        | |  0.4
Spellcasting   | |  2.0
Charms         | |  3.2

Action                   || total
-------------------------++-------
Melee: Spear             ||    77
Throw: Dart              ||     9
 Cast: Infusion          ||     1
  Eat: Ration            ||     1
Armor: Ring mail         ||    16
Dodge: Dodged            ||    37

Table legend:
 A = Non-vault XP
 B = Vault XP
 C = Vault XP percentage of total XP
 D = Non-vault monster count
 E = Vault monster count
 F = Vault count percentage of total count
                 A         B        C        D         E       F
            +---------+---------+-------+---------+---------+-------
      Total |      55 |       0 |   0.0 |      23 |       0 |   0.0
            +---------+---------+-------+---------+---------+-------
        D:1 |      28 |       0 |   0.0 |      15 |       0 |   0.0
        D:2 |      27 |       0 |   0.0 |       8 |       0 |   0.0
            +---------+---------+-------+---------+---------+-------
